 Dungeon Crawl Stone Soup version 0.29-a0-962-gc8bbfd0a37 (webtiles) character file.

Game seed: 16327170757993284926

247 spiderkeys the Trooper (level 5, -10/44 HPs)
             Began as a Demonspawn Chaos Knight on July 31, 2022.
             Was a Plaything of Xom.
             Mangled by an ogre
             ... wielding a +0 giant spiked club
              (25 damage)
             ... on level 4 of the Dungeon.
             The game lasted 00:04:02 (3686 turns).

spiderkeys the Trooper (Demonspawn Chaos Knight)    Turns: 3686, Time: 00:04:03

Health: -10/44     AC: 10    Str: 15    XL:     5   Next: 85%
Magic:  14/14      EV:  6    Int: 13    God:    Xom [*.....]
Gold:   217        SH:  0    Dex: 12    Spells: 4/4 levels left

rFire   . . .      SeeInvis .   t - +2 battleaxe "Goerim" {chaos, Fly rPois MP+9 Stlth+}
rCold   . . .      Faith    .   (shield currently unavailable)
rNeg    . . .      Spirit   .   n - +0 chain mail
rPois   +          Reflect  .   (no helmet)
rElec   .          Harm     .   (no cloak)
rCorr   .          Rampage  .   (no gloves)
Will    .....                   (no boots)
Stlth   ..........              (no amulet)
HPRegen 0.14/turn               (no ring)
MPRegen 0.14/turn               (no ring)

@: flying
A: rugged brown scales 1
a: Renounce Religion


You were on level 4 of the Dungeon.
You worshipped Xom.
You were a special plaything of Xom.
You visited 1 branch of the dungeon, and saw 4 of its levels.

You collected 217 gold pieces.


Innate Abilities, Weirdness & Mutations

You are partially covered in rugged brown scales. (AC +1, +3% HP)


   Skills:
 + Level 4.4 Fighting
 + Level 4.1 Axes
 + Level 3.5 Armour
 - Level 0.8 Dodging


You had 4 spell levels left.
You didn't know any spells.
Your spell library contained the following spells:

 Spells                   Type           Power      Damage    Failure   Level
 Necrotise                Necr           0%         1d4       99%         1
 Vampiric Draining        Necr           0%         2d6       100%        3
 Agony                    Necr           0%         N/A       100%        5

Inventory:

Hand Weapons
 a - a +0 hand axe of chaos
 t - the +2 battleaxe "Goerim" (weapon) {chaos, Fly rPois MP+9 Stlth+}
   (Xom gifted it to you on level 3 of the Dungeon)

   Each time it hits an enemy it has a different, random effect.
   rPois:     It protects you from poison.
   MP:        It affects your magic capacity (+9).
   Fly:       It grants you flight.
   Stlth:     It makes you more stealthy.
Missiles
 e - 6 poisoned darts
 f - 28 stones
 g - 6 boomerangs
 u - a throwing net {=f!f}
Armour
 b - a +2 leather armour
 d - a +0 robe
   (You found it on level 3 of the Dungeon)
 i - a +0 robe
   (You found it on level 1 of the Dungeon)
 l - a +0 leather armour
   (You found it on level 2 of the Dungeon)
 n - a +0 chain mail (worn)
   (You found it on level 2 of the Dungeon)
 o - a +0 robe
   (You found it on level 2 of the Dungeon)
 p - a +0 scale mail
   (You took it off an orc on level 3 of the Dungeon)
Magical Staves
 r - a staff of conjuration {!a}
   (You found it on level 2 of the Dungeon)
Wands
 s - a wand of polymorph (11)
   (You found it on level 3 of the Dungeon)
Scrolls
 m - 2 scrolls of blinking {!r}
Potions
 h - a potion of haste {unknown}
 j - a potion of mutation {unknown}
 k - a potion of heal wounds {unknown}
 q - a potion of flight {unknown}
Miscellaneous
 c - a piece from Xom's chessboard (15/15) (quivered)

Dungeon Overview and Level Annotations

Branches:
Dungeon (4/15) Zot: 20259
 Temple: D:4-7

Altars:
Fedhas
Qazlal
Vehumet

.. ..o. .... ....
... .... .....
..# .....
.....###.# .....
.........##......
.....#....#......
.........†O......
.........@.......
##.#..<..#(.....
#..............
#..#.............
.................
.................
#................
.###...........#
##.....#.#..


You could see an ogre and an orc wizard.


Message History

There is a stone staircase leading down here.
Key pressed, stopping explore.
There is an open door here.
Key pressed, stopping explore.
You see here a +0 dagger.
There is an open door here.
There is an open door here.
You see here a +0 dagger. "Let's see if it's strong enough to survive yet."
You are now a special plaything of Xom.
You closely miss the kobold. The kobold barely misses you.
You slash the kobold!
You kill the kobold!
The kobold's corpse degenerates into a cloud of primal chaos!
You hit the rat but do no damage.
The rat bites you but does no damage. x2
The orc is engulfed in seething chaos.
The orc barely misses you.
You barely miss the orc. You closely miss the rat.
The rat bites you but does no damage. The orc barely misses you.
You slash the orc! You burn the orc.
You kill the orc!
The orc's corpse disappears in a puff of smoke!
You barely miss the rat.
The rat bites you but does no damage. x2
The goblin barely misses you.
You slash the goblin!
You kill the goblin!
The goblin's corpse disappears in a puff of smoke!
You barely miss the rat. The rat bites you but does no damage.
You hit the rat.
You kill the rat!
The rat's corpse disappears in a puff of smoke!
No target in view!
No target in view!
u - a throwing net {=f!f} Key pressed, stopping explore.
Key pressed, stopping explore.
There is an open door here.
Partly explored, can't reach some places.
Partly explored, can't reach some places.
Partly explored, can't reach some places.
Really fly into that teleport trap?
You enter a teleport trap!
The teleport trap disappears.
Your surroundings suddenly seem different.
Unknown command.
There is an open door here.
Key pressed, stopping explore.
Done exploring.
Done exploring.
There is a stone staircase leading down here.
You fly downwards.
The ball python hisses angrily.
There is a stone staircase leading up here.
A ball python is nearby!
An ogre comes into view. It is wielding a +0 giant spiked club.
The ball python bites you. The ball python grabs you.
The ball python constricts you. 😕 HP[-1]
You take 1 damage, and now have 43/44 hp.
You closely miss the ball python.
The ball python bites you but does no damage.
The ball python constricts you.
The ball python bites you but does no damage.
The ball python constricts you. 😕 HP[-2]
You take 2 damage, and now have 41/44 hp.
You closely miss the ball python.
The ball python bites you but does no damage.
The ball python constricts you. 😕 HP[+1]
You hit the ball python.
The ball python bites you but does no damage.
The ball python constricts you. The ball python bites you.
The ball python constricts you. 😕 HP[-1]
You take 1 damage, and now have 41/44 hp.
You slash the ball python!
You kill the ball python!
The ogre closely misses you.
You completely miss the ogre.
The ogre hits you with a +0 giant spiked club! 😮 HP[-9]
You take 9 damage, and now have 32/44 hp.
MASSIVE DAMAGE!! (PAUSE)
You slash the ogre! You freeze the ogre.
The ogre hits you with a +0 giant spiked club!!
* * * LOW HITPOINT WARNING * * *
😨 HP[-17]
You take 17 damage, and now have 15/44 hp.
MASSIVE DAMAGE!! (PAUSE)
You barely miss the ogre.
Xom makes a sudden noise!
You hear a voice calling your name.
You hear a shout! x4; You hear an angry hiss.
You hear a shout!
Something shouts, "Begone, thou peaked folly-fallen snake-molt!"
You hear a shout! x3; You hear an angry hiss. x2
An orc wizard comes into view. It is wielding a +0 dagger.
The ogre hits you with a +0 giant spiked club!!
Ouch! That really hurt!
You die...
Xom bursts into laughter!

Skill      XL: |  1  2  3  4  5 |
---------------+----------------+-----
Armour         | 2 3 |  3.5
Axes           | 3 4 |  4.1
Fighting       | 4 |  4.4
Dodging        | |  0.8

Action                   |  1- 3 |  4- 6 || total
-------------------------+-------+-------++-------
Melee: Hand axe          |   154 |     6 ||   160
       Battleaxe         |       |    46 ||    46
       Punch             |       |     1 ||     1
  Use: Scroll            |     2 |     4 ||     6
 Stab: Petrified         |     4 |       ||     4
       Paralysed         |     3 |       ||     3
Armor: Leather armour    |    47 |       ||    47
       Chain mail        |    33 |    43 ||    76
Dodge: Dodged            |    73 |    20 ||    93

Levels and vault maps discovered:
D:1:      wander_arrival_estate, layout_loops_ring
D:2:      layout_basic, basic_altar, minivault_5
D:3:      layout_basic, grunt_temple_overflow_forces_of_nature,
          nicolae_overflow_hidden_temple, grunt_ministairs_1, dk_noncrumbling_4,
          glass_columns_b, uniq_natasha
D:4:      layout_layer_cave, gammafunk_ghost_abyssal_escape

Notes
Turn   | Place    | Note
-------+----------+-------------------------------------------
     0 | D:1      | spiderkeys the Demonspawn Chaos Knight began the quest for
                  | the Orb.
     0 | D:1      | Reached XP level 1. HP: 18/18 MP: 1/1
     0 | D:1      | magus.rc [v1.11.3]
    47 | D:1      | Reached skill level 2 in Armour
   115 | D:1      | Gained mutation: You are partially covered in rugged brown
                  | scales. (AC +1, +3% HP) [demonic ancestry]
   115 | D:1      | Reached XP level 2. HP: 12/24 MP: 2/2
   341 | D:1      | XOM: silly message
   382 | D:1      | Reached skill level 3 in Axes
   880 | D:1      | XOM: cast spell 'Olgreb's Toxic Radiance'
   922 | D:1      | You pick up a book of Necromancy and begin reading...
   922 | D:1      | You add the spells Necrotise, Vampiric Draining and Agony
                  | to your library.
   996 | D:1      | Reached XP level 3. HP: 28/29 MP: 3/3
  1166 | D:1      | XOM: cloud trail
  1455 | D:2      | HP: 7/29 [goblin/+0 club (3)]
  1456 | D:2      | HP: 3/29 [something (5)]
  2247 | D:2      | Found a radiant altar of Vehumet.
  2762 | D:3      | XOM: scenery: summon butterflies
  2770 | D:3      | Reached XP level 4. HP: 30/38 MP: 4/4
  2879 | D:3      | XOM: scenery: 1 doors open
  2880 | D:3      | Noticed Natasha
  2880 | D:3      | Identified the +2 battleaxe "Goerim" {drain, Fly rPois MP+9
                  | Stlth+} (Xom gifted it to you on level 3 of the Dungeon)
  2880 | D:3      | XOM: god gift: +2 battleaxe "Goerim" {chaos, Fly rPois MP+9
                  | Stlth+}
  2882 | D:3      | Noticed Natasha
  2882 | D:3      | Natasha changed into Natasha the jelly
  2882 | D:3      | XOM: polymorph Natasha -> Natasha the jelly
  2883 | D:3      | Killed Natasha the jelly
  2888 | D:3      | Found a stormy altar of Qazlal.
  2888 | D:3      | Found a blossoming altar of Fedhas.
  3007 | D:3      | Noticed a phantom
  3012 | D:3      | Killed a phantom
  3013 | D:3      | Reached skill level 4 in Fighting
  3013 | D:3      | Reached skill level 3 in Armour
  3013 | D:3      | Reached XP level 5. HP: 40/43 MP: 5/5
  3028 | D:3      | Noticed Natasha
  3033 | D:3      | Killed Natasha
  3034 | D:3      | Reached skill level 4 in Axes
  3081 | D:3      | Noticed Natasha
  3094 | D:3      | Killed Natasha
  3339 | D:3      | XOM: god gift: 30 gold pieces
  3531 | D:3      | XOM: summons 4 hostile shadow creatures
  3678 | D:4      | Noticed an ogre
  3686 | D:4      | XOM: noise
  3686 | D:4      | Mangled by an ogre

Vanquished Creatures
  A phantom (D:3)
  A jelly (D:3)
  Natasha (twice) (D:3)
  An adder (D:3)
  2 worms
  5 dart slugs
  3 orcs (D:3)
  4 ball pythons
  9 endoplasms
  6 giant cockroaches
  2 goblins
  3 hobgoblins
  9 kobolds
  2 quokkas (D:1)
  5 bats
  5 frilled lizards (D:1)
  6 rats
66 creatures vanquished.

Vanquished Creatures (others)
  A fungus (D:3)
  A plant (D:3)
2 creatures vanquished.

Grand Total: 68 creatures vanquished

Table legend:
 A = Non-vault XP
 B = Vault XP
 C = Vault XP percentage of total XP
 D = Non-vault monster count
 E = Vault monster count
 F = Vault count percentage of total count
                 A         B        C        D         E       F
            +---------+---------+-------+---------+---------+-------
      Total |     303 |      51 |  14.4 |      61 |       5 |   7.6
            +---------+---------+-------+---------+---------+-------
        D:1 |      51 |       0 |   0.0 |      28 |       0 |   0.0
        D:2 |      35 |       0 |   0.0 |      16 |       0 |   0.0
        D:3 |     216 |      51 |  19.1 |      16 |       5 |  23.8
        D:4 |       1 |       0 |   0.0 |       1 |       0 |   0.0
            +---------+---------+-------+---------+---------+-------

Illustrated notes

Table legend:
 A = Kills in this place as a percentage of kills in entire the game.
 B = Kills by you in this place as a percentage of kills by you in the entire game.
 C = Kills by friends in this place as a percentage of kills by friends in the entire game.
 D = Other kills in this place as a percentage of other kills in the entire game.
 E = Experience gained in this place as a percentage of experience gained in the entire game.
 F = Experience gained in this place divided by the number of levels of this place that you have seen.
                   A       B       C       D       E      F
               +-------+-------+-------+-------+-------+----------------------
         Total | 100.0 | 100.0 |   N/A |   N/A | 100.0 |  88.5
       Dungeon | 100.0 | 100.0 |   N/A |   N/A | 100.0 |  88.5
               +-------+-------+-------+-------+-------+----------------------

Table legend: (Time is in decaauts)
 A = Elapsed time spent in this place.
 B = Non-inter-level travel time spent in this place.
 C = Inter-level travel time spent in this place.
 D = Time resting spent in this place.
 E = Time spent auto-exploring this place.
 F = Levels seen in this place.
 G = Mean time per level.
                   A        B        C        D        E       F      G
               +--------+--------+--------+--------+--------+-----+--------+
         Total |   3739 |   3597 |    142 |      0 |   3061 |   4 |  934.8 |
       Dungeon |   3739 |   3597 |    142 |      0 |   3061 |   4 |  934.8 |
               +--------+--------+--------+--------+--------+-----+--------+

Top non-repeatable levels by time:
     D:1: 1437 daAuts
     D:2: 1342 daAuts
     D:3: 947 daAuts
     D:4: 11 daAuts
